Map: Ascension to Aiur LE

Players

Yata - Winner!

  • Race: Zerg Zerg
  • Spawn Location: 5:00

VOD

Have the link to the VOD?

Description

Time

  • Played on: July 7, 2017, 1:18 p.m.
  • Length: 7:47
Show
View Real Time Build Order
Export as new Build Order

Yata Zerg - Winner!

Build Orders: Hatch First 

Get SALT Encoding   

  12  0:03  Drone  
  12  0:12  Overlord  
  12  0:19  Drone  
  12  0:38  Drone x2  
  12  0:39  Drone  
  12  1:01  Hatchery  
  12  1:04  Drone  
  12  1:07  Drone  
  12  1:14  Extractor  
  12  1:25  Spawning Pool  
  12  1:27  Drone  
  12  1:36  Drone x2  
  12  1:43  Overlord  
  12  1:58  Drone  
  12  2:14  Metabolic Boost  
  12  2:17  Zergling x4, Queen  
  12  2:20  Drone  
  12  2:24  Queen  
  12  2:27  Drone  
  12  2:30  Drone  
  12  2:54  Drone x4  
  12  2:58  Queen  
  12  3:03  Drone  
  12  3:06  Overlord  
  12  3:24  Drone x3  
  12  3:31  Queen  
  12  3:46  Drone x3  
  12  3:51  Overlord, Hatchery  
  12  3:52  Overlord x2  
  12  3:57  Pneumatized Carapace  
  12  4:10  Drone  
  12  4:11  Drone x8  
  12  4:18  Drone  
  12  4:20  Drone  
  12  4:27  Baneling Nest  
  12  4:28  Drone  
  12  4:39  Queen  
  12  4:59  Drone x5  
  12  5:00  Drone x3  
  12  5:08  Drone  
  12  5:31  Zergling x2  
  12  5:32  Zergling x16  
  12  5:46  Overlord  
  12  5:47  Overlord x5  
  12  5:59  Roach Warren  
  12  6:07  Lair  
  12  6:10  Burrow  
  12  6:27  Drone  
  12  6:28  Spore Crawler, Drone x14  
  12  6:40  Hatchery  
  12  6:48  Hatchery  
  12  7:01  Roach x5  
  12  7:02  Roach x4  
  12  7:15  Overseer  
  12  7:17  Overseer  
  12  7:23  Roach  
  12  7:24  Roach x5  
Tags
 
Add a new tag
Caveats
  • Supply blocks, unpowered buildings, or Contaminate may cause inaccurate times.
  • Supply counts are checked every 10 seconds.